 Dungeon Crawl Stone Soup version 0.27.1-34-g3ba077fa99 (webtiles) character file.

Game seed: 5110925750386178609

63 cbfl8 the Sneak (level 3, -1/33 HPs)
             Began as a Minotaur Delver on Jan 28, 2022.
             Succumbed to a scorpion's poison
             ... on level 5 of the Dungeon on Jan 30, 2022.
             The game lasted 00:00:35 (127 turns).

cbfl8 the Sneak (Minotaur Delver)                    Turns: 127, Time: 00:00:36

Health: -1/33      AC:  3    Str: 17    XL:     3   Next: 87%
Magic:  2/2        EV: 12    Int:  7    God:
Gold:   20         SH:  0    Dex: 11    Spells: 2/2 levels left

rFire    . . .     SeeInvis .   h - +2 hand axe (flame)
rCold    . . .     Faith    .   (no shield)
rNeg     . . .     Spirit   .   b - +0 leather armour
rPois    .         Reflect  .   (helmet restricted)
rElec    .         Harm     .   (no cloak)
rCorr    .         Rampage  .   (no gloves)
Will     .....                  (no boots)
Stlth    ++........             (no amulet)
HPRegen  0.11/turn              (no ring)
MPRegen  0.08/turn              (no ring)

@: lethally poisoned (-1 -> -8)
A: horns 2, retaliatory headbutt
a: no special abilities


You were on level 5 of the Dungeon.
You visited 1 branch of the dungeon, and saw 1 of its levels.

You collected 20 gold pieces.

Inventory:

Hand Weapons
 a - a +0 hand axe
 h - a +2 hand axe of flaming (weapon)
Armour
 b - a +0 leather armour (worn)
Wands
 g - a wand of digging (3)
Scrolls
 c - a scroll of fog
 d - a scroll of magic mapping
 e - a scroll of fear
 i - a scroll of identify {unknown}
Potions
 f - a potion of haste


   Skills:
 + Level 4.1 Fighting
 + Level 2.6 Axes
 + Level 0.2 Armour
 + Level 2.3 Dodging
 + Level 5.0 Stealth


You had 2 spell levels left.
You didn't know any spells.
Your spell library was empty.

Dungeon Overview and Level Annotations

Branches:
Dungeon (5/15)
 Temple: D:4-7

Altars:


Innate Abilities, Weirdness & Mutations

You have a pair of horns on your head.
You reflexively headbutt those who attack you in melee.


Message History

You start resting.
A scorpion comes into view.
You start resting.
A scorpion is nearby!
i - a scroll labelled BONTUA PEGRA
There are no items here.
You now have 20 gold pieces (gained 9).
Found 14 gold pieces.
The scorpion stings you.
You are lethally poisoned!
The scorpion poisons you!
You hit the scorpion. You burn the scorpion. You headbutt the scorpion!
The scorpion is severely wounded.
You feel very sick. The scorpion stings you.
* * * LOW HITPOINT WARNING * * *
The scorpion stings you but does no damage.
You hit the scorpion. You burn the scorpion.
You kill the scorpion!
* * * LOW HITPOINT WARNING * * *
You feel sick.
Your Fighting skill increases to level 4!
Your Stealth skill increases to level 5!
You have reached level 2!
You have reached level 3!
Your experience leads to an increase in your attributes!
Increase (S)trength, (I)ntelligence, or (D)exterity?
You feel stronger.
There is a lethal amount of poison in your body!
There is a lethal amount of poison in your body!
There is a lethal amount of poison in your body!
There is a lethal amount of poison in your body!
There is a lethal amount of poison in your body!
Okay, then.
Unknown command.
Unknown command.
Unknown command.
Welcome back, cbfl8 the Minotaur Delver.
Press ? for a list of commands and other information.
You die...

# #.#...#.##### # #
#...........### .# #
####..##.##...# .# #######
##..##.####.####.# .......
....##.####......#
..##########.##...........#
..............[.†........##
..#####..........#########
..# #......###@.......
##......)......<..######
####.......###..#
..............#
###.......####.# #.......#
.# $# .# .#


There were no monsters in sight!

Vanquished Creatures
  A scorpion (D:5)
  An orc (D:5)
2 creatures vanquished.

Notes
Turn   | Place    | Note
-------+----------+-------------------------------------------
     0 | D:5      | cbfl8 the Minotaur Delver began the quest for the Orb.
     0 | D:5      | Reached XP level 1. HP: 19/19 MP: 0/0
    85 | D:5      | Noticed a scorpion
   126 | D:5      | Killed a scorpion
   126 | D:5      | HP: 1/20 [poisoned by a scorpion]
   127 | D:5      | Reached skill level 5 in Stealth
   127 | D:5      | Reached XP level 2. HP: 1/27 MP: 1/1
   127 | D:5      | Reached XP level 3. HP: 1/33 MP: 2/2
   127 | D:5      | Succumbed to a scorpion's poison

Illustrated notes

Levels and vault maps discovered:
D:5:      layout_basic, uniq_edmund, uniq_menkaure, uniq_prince_ribbit1

Skill      XL: |  1 |
---------------+----+-----
Fighting       | 4 |  4.1
Stealth        | 5 |  5.0
Axes           | |  2.6
Armour         | |  0.2
Dodging        | |  2.3

Action                   || total
-------------------------++-------
Melee: Hand axe          ||     4
       Headbutt          ||     1
Armor: Leather armour    ||     1
